 Dungeon Crawl Stone Soup version 0.18-a0-1730-g73f0523 (webtiles) character file.

85074 4thArraOfDagon the Brawler (level 15, -12/140 (141) HPs)
             Began as a Naga Wanderer on Apr 9, 2016.
             Was a High Priest of Ru.
             Killed from afar by a merfolk aquamancer (19 damage)
             ... with a great wave of water
             ... on level 3 of the Shoals on Apr 10, 2016.
             The game lasted 02:19:48 (15021 turns).

4thArraOfDagon the Brawler (Naga Wanderer)         Turns: 15021, Time: 02:19:49

HP:   -12/140 (141) AC: 25    Str: 17 (18) XL:     15   Next: 82%
MP:   18/24         EV: 16    Int: 15      God:    Ru [*****.]
Gold: 1270          SH:  2    Dex: 14      Spells: 7 memorised, 6 levels left

rFire  x . .     SeeInvis +       - Unarmed
rCold  + . .     Gourm    .     y - +4 troll leather armour
rNeg   . . .     Faith    .     (no shield)
rPois  +         Spirit   .     v - +0 helmet
rElec  .         Dismiss  .     t - +2 cloak
rCorr  .         Reflect  .     i - +0 pair of gloves
SustAt .         Harm     .     (no barding)
MR     ++...     Rnd*Rage +     m - amulet of magic regeneration
Stlth  ++++++++..               A - ring "Toch" {Ice +Fly rPois MR+}
                                N - +5 ring of protection

@: agile, exhausted, no potions, no scrolls, drained, very slow, very resistant
to hostile enchantments, extraordinarily stealthy
A: stinger 1, large bone plates 1, molten scales 1, camouflage 1, see invisible,
berserk 1, clumsy 1, deformed body, deterioration 1, poison resistance,
screaming 2, shaggy fur 1, slowness 2, slow metabolism 1, spit poison 2,
inability to drink while threatened, inability to read while threatened, no
conjurations magic, no fire magic, no hexes magic, reduced EV 1, constrict 1, AC
+5
a: Spit Poison, Draw Out Power, Power Leap, Apocalypse, Renounce Religion, Evoke
Flight


You were on level 3 of the Shoals.
You worshipped Ru.
Ru was extremely pleased with you.
You were very hungry.

You visited 5 branches of the dungeon, and saw 29 of its levels.
You also visited: Ossuary and Ice Cave.

You collected 3236 gold pieces.
You spent 1966 gold pieces at shops.

Inventory:

Hand Weapons
 j - the +3 war axe "Teaqah" {chop, rElec Dex-3 SInv}
   (You found it on level 8 of the Lair of Beasts)

   It inflicts extra damage upon your enemies.
   It affects your dexterity (-3).
   It insulates you from electricity.
   It lets you see invisible.
 C - a +0 blowgun
Missiles
 h - 125 arrows
 p - 2 throwing nets (quivered)
 M - 13 arrows of frost
 Q - 10 curare-tipped needles
Armour
 i - a +0 pair of gloves (worn)
 t - a +2 cloak (worn)
 v - a +0 helmet (worn)
 y - a +4 troll leather armour (worn)
 B - the +1 ring mail of Instinct {rF+ MR+ Dex-2 Stlth+}
   (You found it on level 9 of the Dungeon)

   It affects your dexterity (-2).
   It protects you from fire.
   It affects your resistance to hostile enchantments.
   It makes you more stealthy.
Jewellery
 m - an amulet of magic regeneration (around neck)
 u - an uncursed ring of positive energy
 A - the ring "Toch" (right hand) {Ice +Fly rPois MR+}
   (You found it in an ice cave)

   [ring of ice]

   It enhances your ice magic, and weakens your fire magic.
   It makes you vulnerable to fire.
   It protects you from cold.
   It protects you from poison.
   It affects your resistance to hostile enchantments.
   It lets you fly.
 K - an uncursed ring of protection from magic
 N - a +5 ring of protection (left hand)
Wands
 z - a wand of iceblast (14/15)
 G - a wand of digging (18/24)
 I - a wand of paralysis (6/24)
 Y - a wand of polymorph (15/24)
Scrolls
 e - a scroll of immolation
 g - 7 scrolls of remove curse
 l - 3 scrolls of blinking
 o - 3 scrolls of enchant weapon
 q - 8 scrolls of fog
 r - 4 scrolls of summoning
 E - 2 scrolls of identify
 F - a scroll of fear
 U - 4 scrolls of recharging
Potions
 a - 2 potions of flight
 d - 2 potions of cure mutation
 s - 5 potions of might
 w - 2 potions of agility
 x - 4 potions of brilliance
 J - 2 potions of magic
 L - 2 potions of ambrosia
 O - a potion of invisibility
 R - 2 potions of haste
 S - 15 potions of curing
 T - a potion of heal wounds
 W - a potion of cancellation
 X - a potion of resistance
Miscellaneous
 b - a lamp of fire
 c - a plain deck of changes {drawn: 1}
 D - a sack of spiders {used: 7}
 H - a fan of gales (inert)
 P - a stone of tremors
 V - a plain deck of changes {drawn: 1}
 Z - a plain deck of defence {drawn: 1}
Comestibles
 f - 6 bread rations
 n - 6 meat rations


   Skills:
 + Level 11.1(9.9) Fighting
 - Level 1.0(0.0) Throwing
 + Level 9.4(8.2) Dodging
 + Level 14.7(13.3) Stealth
 * Level 15.3(13.9) Unarmed Combat
 - Level 6.3(5.2) Spellcasting
 - Level 4.4(3.4) Translocations
 - Level 10.4(9.1) Transmutations
   Level 3.1(2.1) Poison Magic
 - Level 5.4(4.3) Evocations


You had 6 spell levels left.
You knew the following spells:

 Your Spells              Type           Power        Failure   Level  Hunger
b - Sticks to Snakes      Trmt           ####....     1%          2    ##.....
c - Ice Form              Ice/Trmt       ####....     34%         4    ####...
d - Blade Hands           Trmt           ####......   17%         5    ######.
e - Apportation           Tloc           ##........   6%          1    None
f - Blink                 Tloc           N/A          10%         2    ##.....
g - Passage of Golubria   Tloc           N/A          54%         4    ####...
h - Swiftness             Chrm/Air       #.......     34%         2    ##.....


Dungeon Overview and Level Annotations

Branches:
Dungeon (15/15)            Temple (1/1) D:7            Lair (8/8) D:11
 Shoals (3/4) Lair:3        Slime (0/6) Lair:6          Orc (2/2) D:11
    Elf (0/3) Orc:2        Vaults (0/5) D:14
  Snake: Lair:3-6    Spider: Lair:3-6    Depths: D:15

Altars:
Ashenzari
Cheibriados
Dithmenos
Elyvilon
Fedhas
Gozag
Kikubaaqudgha
Makhleb
Nemelex Xobeh
Okawaru
Pakellas
Qazlal
Ru
Sif Muna
Trog
Vehumet
Xom
Yredelemnul
Zin
The Shining One
Beogh

Shops:
D:7 (   D:10 *   Orc:1 %!}[(   Orc:2 ![(*   Shoals:1 %

Annotations:
D:3 Natasha
Lair:1 realXiberia's ghost, journeyman DsWn
Shoals:2 Nikola
Shoals:3 Donald


Innate Abilities, Weirdness & Mutations

You cannot wear boots.
Your serpentine skin is tough (AC +5).
You have supernaturally acute eyesight.
You are clumsy. (Dex -2)
Armour fits poorly on your strangely shaped body.
Your system is resistant to poisons.
You sometimes yell uncontrollably at your foes.
You cover ground very slowly.
You have a slow metabolism.
You can spit poison.
You cannot drink potions while threatened.
You cannot read scrolls while threatened.
You cannot study or cast Conjurations magic.
You cannot study or cast Fire magic.
You cannot study or cast Hexes magic.
You have somewhat slow reflexes. (EV -3)
You can use your snake-like lower body to constrict enemies.
Your tail ends in a poisonous barb.
You are partially covered in large bone plates (AC +2, SH +2).
You are partially covered in molten scales (AC +1).
Your skin changes colour to match your surroundings (Stealth).
You tend to lose your temper in combat.
Your body sometimes deteriorates upon taking damage.
You are covered in fur (AC +1).


Message History

Evoke which item? (* to show all) (? for menu, Esc to quit)
A fierce wind blows from the fan.
The merfolk and your soldier ants are blown away by the wind.
The winds coalesce and take form.
The siren chants a haunting song.
You easily resist.
The merfolk aquamancer gestures at you while chanting.
The shard of ice misses you. The shard of ice hits your soldier ant.
The merfolk javelineer throws a javelin.
The javelin hits you but does no damage.
You hear a splash.
A faun comes into view. It is wielding a club.
Unknown command.
Evoke which item? (* to show all) (? for menu, Esc to quit)
You draw a card...
It is the Cloud.
Clouds appear around you!
The siren chants a haunting song.
You resist with some effort.
The merfolk aquamancer points at you and mumbles some strange words.
The great wave of water hits you!
You die...

≈≈≈@≈≈≈≈≈...≈≈≈≈
≈≈≈≈≈≈≈≈≈≈≈≈≈≈≈≈
≈..≈≈≈≈≈≈≈≈≈≈≈≈ .....
#.≈≈≈≈≈≈≈≈≈≈≈≈ .....
#...≈≈≈≈≈≈≈≈≈.
≈≈≈≈.###.≈≈≈≈EE§≈≈≈≈.
≈≈≈≈≈§..≈≈≈≈)mm≈≈.≈≈.
≈≈≈≈m≈.≈a≈@.(m≈≈≈≈...
≈≈≈≈≈≈≈E≈≈≈)§###.....
≈≈≈≈≈≈≈≈≈≈≈≈≈## <..
≈≈≈≈≈≈≈<≈≈≈≈§a# #
≈≈≈≈≈≈≈.###m≈..§..#
≈≈≈≈≈≈≈.##.≈≈≈.c.....
≈≈≈≈≈≈≈....≈≈≈≈≈≈≈≈..
≈≈≈≈≈≈≈≈≈≈≈≈≈≈≈≈≈≈≈≈.
≈≈≈≈≈≈≈≈≈≈≈≈≈≈≈≈≈≈≈≈.


You could see a merfolk avatar, Donald (paralysed), a merfolk javelineer, a
merfolk aquamancer, a merfolk, a faun, 2 water elementals, a siren, 2 friendly
soldier ants and a friendly air elemental.

Vanquished Creatures
  Kirke (Lair:5)
  Maud (Lair:8)
  3 ogre magi (Orc:2)
  Josephine (Lair:8)
  2 ice dragons (IceCv)
  3 hydras
  A merfolk aquamancer (Lair:3)
  A satyr (Shoals:3)
  3 centaur warriors (D:11)
  6 death yaks (Lair:7)
  Urug (D:10)
  The ghost of azaza322 the Blocker, a novice GrFi of Okawaru (D:10)
  Nergalle (D:10)
  A fire crab (shapeshifter) (D:11)
  2 sea snakes (Lair:3)
  2 unseen horrors
  A wizard (D:14)
  A fire giant zombie (D:15)
  2 necromancers
  6 hill giants
  An ugly thing (D:12)
  4 lindwurms (Lair:2)
  2 orc knights (Orc:1)
  A manticore (D:11)
  3 orc sorcerers
  2 griffons
  3 fauns (Lair:3)
  3 cyclopes
  The ghost of WereVolvo the Gusty, a novice DsAE of Vehumet (D:6)
  4 black mambas
  2 ice statues (IceCv)
  A water nymph (Shoals:1)
  A siren (Shoals:1)
  9 spiny frogs
  2 gargoyles
  A rime drake (Lair:5)
  5 komodo dragons
  6 merfolk
  8 trolls
  7 polar bears
  A spriggan druid (Lair:8)
  11 two-headed ogres
  2 boulder beetles
  A slime creature (D:12)
  11 blink frogs
  Grinder (D:6)
  5 snapping turtles
  3 wyverns
  8 spriggans (Lair:8)
  A shadow (D:12)
  2 water elementals (Lair:3)
  4 redbacks (Lair:8)
  5 wraiths
  3 hogs (Lair:5)
  A steam dragon (D:10)
  58 yaks
  9 hippogriffs
  2 basilisks
  2 vampire mosquitoes
  A warg (Orc:1)
  A mottled dragon (D:13)
  Edmund (D:6)
  12 water moccasins
  4 porcupines
  3 phantoms
  27 ice beasts
  2 necrophages (D:9)
  2 eyes of draining (D:12)
  2 sky beasts
  26 ogres
  14 orc warriors
  12 black bears
  5 wasps
  A centaur (D:15)
  22 wolves
  8 crocodiles
  Blork the orc (D:6)
  A big kobold (D:8)
  15 giant frogs
  A gnoll sergeant (D:10)
  A wyvern skeleton (D:12)
  3 killer bees (D:12)
  2 howler monkeys
  An electric eel (D:15)
  7 crimson imps
  4 centaur zombies
  6 hounds
  4 giant frog zombies
  10 orc priests
  9 jellies
  5 centaur skeletons
  2 giant frog skeletons
  4 iguanas
  16 orc wizards
  9 worker ants
  13 sheep
  2 big kobold zombies (Ossuary)
  A hound skeleton (D:10)
  2 hound zombies
  3 mummies
  11 gnolls
  14 adders
  34 river rats
  4 shadow imps
  An adder zombie (Ossuary)
  A worm (D:2)
  2 dart slugs
  7 giant geckos
  32 orcs
  7 giant cockroaches
  3 goblins (D:1)
  A hobgoblin (D:1)
  11 jackals
  4 quokkas
  7 bats
  4 giant newts (D:1)
  10 kobolds
  An orc zombie (Ossuary)
  A quokka skeleton (D:4)
  2 quokka zombies
  7 rats
  A rat zombie (Ossuary)
  A fungus (Lair:4)
  2 plants
669 creatures vanquished.

Vanquished Creatures (collateral kills)
  An orc warlord (Orc:1)
  An ogre mage (Orc:2)
  A hydra (D:12)
  Erica (D:8)
  2 two-headed ogres (Orc:2)
  2 hogs (Lair:5)
  4 ogres
  A jelly (D:5)
  4 orcs
  2 bats (D:11)
19 creatures vanquished.

Vanquished Creatures (others)
  A skeletal warrior (D:15)
  An orc priest (Orc:1)
  34 fungi
  21 plants
  10 toadstools (Lair:5)
67 creatures vanquished.

Grand Total: 755 creatures vanquished

Notes
Turn   | Place    | Note
--------------------------------------------------------------
     0 | D:1      | 4thArraOfDagon the Naga Wanderer began the quest for the Orb.
     0 | D:1      | 4thArraOfDagon set off with: a book of Changes, the Papyrus of Augmentations, a potion of curing, a +0 robe, a +0 club, a bread ration
     0 | D:1      | Reached XP level 1. HP: 21/21 MP: 3/3
     0 | D:1      | Identified the Papyrus of Augmentations
    30 | D:1      | Reached skill level 1 in Unarmed Combat
    76 | D:1      | Reached skill level 2 in Unarmed Combat
    76 | D:1      | Reached XP level 2. HP: 27/28 MP: 5/5
   194 | D:1      | Reached XP level 3. HP: 5/34 MP: 6/6
   241 | D:1      | Learned a level 3 spell: Spider Form
   551 | D:1      | Found a sparkling altar of Nemelex Xobeh.
   711 | D:2      | Learned a level 2 spell: Sticks to Snakes
   757 | D:2      | Reached skill level 3 in Unarmed Combat
   757 | D:2      | Reached skill level 1 in Poison Magic
   868 | D:2      | Reached XP level 4. HP: 37/42 MP: 7/7
   928 | D:2      | Found an ancient bone altar of Kikubaaqudgha.
  1122 | D:3      | Noticed Natasha
  1129 | D:3      | Noticed Filanlue
  1234 | D:4      | Noticed an ogre
  1246 | D:4      | Killed an ogre
  1246 | D:4      | Reached XP level 5. HP: 47/49 MP: 1/8
  1410 | D:5      | Entered Level 5 of the Dungeon
  1584 | D:6      | Reached skill level 4 in Unarmed Combat
  1584 | D:6      | Reached XP level 6. HP: 46/56 MP: 4/9
  1701 | D:4      | Learned a level 4 spell: Ice Form
  1930 | D:5      | Noticed a sky beast
  1942 | D:5      | Killed a sky beast
  1942 | D:5      | Reached skill level 5 in Unarmed Combat
  1942 | D:5      | Reached skill level 5 in Transmutations
  1942 | D:5      | Reached XP level 7. HP: 25/62 MP: 5/10
  1946 | D:5      | Gained mutation: Your skin changes colour to match your surroundings (Stealth). [mutagenic meat]
  1947 | D:5      | Gained mutation: You are covered in fur (AC +1). [mutagenic meat]
  1948 | D:5      | Gained mutation: You are robust (+10% HP). [mutagenic meat]
  1949 | D:5      | Gained mutation: Your body sometimes deteriorates upon taking damage. [mutagenic meat]
  1950 | D:5      | Gained mutation: Your tail ends in a poisonous barb. [mutagenic meat]
  1951 | D:5      | Lost mutation: You are robust (+10% HP). [mutagenic meat]
  2128 | D:6      | Noticed WereVolvo's ghost (novice DsAE)
  2141 | D:6      | Noticed Grinder
  2148 | D:6      | Reached skill level 1 in Dodging
  2156 | D:6      | Killed Grinder
  2156 | D:6      | Reached XP level 8. HP: 49/69 MP: 7/12
  2162 | D:6      | Reached skill level 6 in Unarmed Combat
  2220 | D:7      | Found a sand-covered staircase.
  2232 | Ossuary  | Entered an ossuary
  2509 | D:7      | Found a radiant altar of Vehumet.
  2642 | D:6      | Noticed Edmund
  2657 | D:6      | Killed Edmund
  2690 | D:6      | Killed WereVolvo's ghost
  2690 | D:6      | Reached skill level 7 in Unarmed Combat
  2690 | D:6      | Reached XP level 9. HP: 27/78 MP: 4/14
  2746 | D:6      | Learned a level 5 spell: Blade Hands
  3007 | D:5      | Found a shattered altar of Ashenzari.
  3397 | D:6      | Noticed Blork the orc
  3407 | D:6      | Killed Blork the orc
  3607 | D:7      | Found Roywn's Weapon Boutique.
  3653 | D:7      | Found a staircase to the Ecumenical Temple.
  3659 | Temple   | Entered the Ecumenical Temple
  3677 | Temple   | Became a worshipper of Ru the Awakened
  3838 | D:8      | Found a glowing golden altar of the Shining One.
  3838 | D:8      | Found an oddly glowing altar of Pakellas.
  3838 | D:8      | Found a shadowy altar of Dithmenos.
  3845 | D:8      | Found a burning altar of Makhleb.
  3874 | D:8      | Reached skill level 5 in Fighting
  3925 | D:8      | Reached skill level 8 in Unarmed Combat
  3991 | D:8      | Found a glowing silver altar of Zin.
  4091 | D:9      | Got a jewelled ring mail
  4102 | D:9      | Identified the +1 ring mail of Instinct {rF+ MR+ Dex-2 Stlth+} (You found it on level 9 of the Dungeon)
  4113 | D:9      | Reached XP level 10. HP: 88/88 MP: 16/16
  4145 | D:9      | Found a shimmering altar of Xom.
  4342 | D:8      | Noticed Erica
  4355 | D:8      | Killed Erica
  4355 | D:8      | Reached skill level 1 in Evocations
  4511 | D:9      | Gained mutation: You cannot study or cast Fire magic. [Ru sacrifice]
  4511 | D:9      | Gained mutation: You cannot study or cast Hexes magic. [Ru sacrifice]
  4511 | D:9      | Gained mutation: You cannot study or cast Conjurations magic. [Ru sacrifice]
  4511 | D:9      | Reached * piety under Ru
  4690 | D:10     | Entered Level 10 of the Dungeon
  4706 | D:10     | Found Dehelasm's Assorted Antiques.
  4715 | D:10     | Bought a scroll labeled NASIFRO GEWUH for 28 gold pieces
  4715 | D:10     | Bought a scroll labeled FIESEYL IRI for 28 gold pieces
  4727 | D:10     | Noticed azaza322's ghost (novice GrFi)
  4827 | D:10     | Reached skill level 5 in Spellcasting
  5103 | D:11     | Reached skill level 9 in Unarmed Combat
  5194 | D:11     | Noticed a cyclops
  5215 | D:11     | Killed a cyclops
  5215 | D:11     | Reached skill level 5 in Stealth
  5215 | D:11     | Reached XP level 11. HP: 55/96 MP: 13/19
  5277 | D:11     | Noticed a centaur warrior
  5286 | D:11     | Killed a centaur warrior
  5407 | D:11     | Noticed a moth of wrath
  5410 | D:11     | Noticed a fire crab
  5410 | D:11     | a moth of wrath changed into a fire crab
  5415 | D:11     | Killed a fire crab
  5431 | D:11     | Gained mutation: You are agile. (Dex +2) [mutagenic meat]
  5437 | D:11     | Got a dazzling dagger
  5441 | D:11     | Identified the +0 dagger "Dragonbane" {speed, +Blink MP+9 Dex+4} (You found it on level 11 of the Dungeon)
  5539 | D:11     | Noticed a manticore
  5544 | D:11     | Killed a manticore
  5593 | D:11     | Noticed a centaur warrior
  5600 | D:11     | Noticed a griffon
  5601 | D:11     | Killed a centaur warrior
  5865 | D:11     | Reached skill level 5 in Dodging
  5895 | D:11     | Killed a griffon
  5902 | D:11     | Found a staircase to the Lair.
  5983 | D:11     | Noticed a centaur warrior
  5989 | D:11     | Killed a centaur warrior
  5989 | D:11     | Reached skill level 10 in Unarmed Combat
  6114 | D:12     | Noticed a purple ugly thing
  6128 | D:12     | Killed a purple ugly thing
  6138 | D:12     | Gained mutation: You cannot drink potions while threatened. [Ru sacrifice]
  6138 | D:12     | Reached ** piety under Ru
  6206 | D:12     | Reached skill level 10 in Transmutations
  6347 | D:12     | Reached XP level 12. HP: 96/105 MP: 15/21
  6661 | D:12     | Noticed a four-headed hydra
  6670 | D:12     | Killed a four-headed hydra
  6908 | D:13     | Noticed a seven-headed hydra
  6968 | D:13     | Reached skill level 11 in Unarmed Combat
  6975 | D:13     | Reached skill level 5 in Evocations
  7072 | D:13     | Noticed a fire giant
  7121 | D:13     | Noticed a centaur warrior
  7127 | D:14     | Noticed a seven-headed hydra
  7302 | D:14     | Noticed Sonja
  7404 | D:15     | Entered Level 15 of the Dungeon
  7488 | D:15     | Found a radiant altar of Vehumet.
  7521 | D:15     | Gained mutation: You can use your snake-like lower body to constrict enemies. [Naga growth]
  7521 | D:15     | Reached XP level 13. HP: 87/116 MP: 19/22
  7663 | D:14     | Reached skill level 10 in Stealth
  7683 | D:14     | Found a gate to the Vaults.
  7755 | D:14     | Noticed Sonja
  7755 | D:14     | Sonja changed into Sonja the polar bear
  7762 | D:14     | Killed Sonja the polar bear
  8066 | D:10     | Bought a glowing diamond ring for 140 gold pieces
  8130 | D:10     | Noticed Urug
  8138 | D:10     | Killed Urug
  8138 | D:10     | Reached skill level 12 in Unarmed Combat
  8277 | D:10     | Killed azaza322's ghost
  9013 | D:10     | Noticed Nergalle
  9021 | D:10     | Killed Nergalle
  9492 | D:11     | Found a staircase to the Orcish Mines.
  9493 | D:11     | WTF
  9497 | Orc:1    | Entered Level 1 of the Orcish Mines
  9555 | Orc:2    | Entered Level 2 of the Orcish Mines
  9637 | Orc:2    | Learned a level 1 spell: Apportation
  9640 | Orc:2    | Learned a level 2 spell: Blink
  9645 | Orc:2    | Learned a level 4 spell: Passage of Golubria
  9795 | Orc:2    | Found a staircase to the Elven Halls.
  9882 | Orc:2    | Noticed an ogre mage
  9892 | Orc:2    | Noticed an ogre mage
  9895 | Orc:2    | Killed an ogre mage
  9905 | Orc:2    | Killed an ogre mage
 10089 | Orc:2    | Found Joipic Faure's Weapon Shop.
 10089 | Orc:2    | Found Ziothal's Distillery.
 10090 | Orc:2    | Found Goox Xishre's Assorted Antiques.
 10090 | Orc:2    | Found Efeun's Armour Shop.
 10110 | Orc:2    | Noticed an ogre mage
 10116 | Orc:2    | Killed an ogre mage
 10127 | Orc:2    | Bought a potion of magic for 120 gold pieces
 10127 | Orc:2    | Bought a potion of curing for 45 gold pieces
 10127 | Orc:2    | Bought a potion of flight for 45 gold pieces
 10127 | Orc:2    | Bought a potion of might for 60 gold pieces
 10127 | Orc:2    | Bought a potion of brilliance for 60 gold pieces
 10127 | Orc:2    | Bought a potion of curing for 45 gold pieces
 10127 | Orc:2    | Bought 2 potions of curing for 90 gold pieces
 10127 | Orc:2    | Bought a potion of curing for 45 gold pieces
 10198 | Orc:1    | Noticed an orc warlord
 10246 | Orc:2    | HP: 2/120 [two-headed ogre/giant club (17)]
 10248 | Orc:2    | Reached skill level 13 in Unarmed Combat
 10297 | Orc:1    | Found Keacyzoag's Food Shoppe.
 10303 | Orc:1    | Found Ecel Lyu's Distillery.
 10312 | Orc:1    | Found a roughly hewn altar of Beogh.
 10398 | Orc:1    | Reached skill level 1 in Translocations
 10415 | Orc:1    | Killed an orc warlord
 10415 | Orc:1    | Reached XP level 14. HP: 33/128 MP: 12/23
 10471 | Orc:1    | Found Aschas's Gadget Shoppe.
 10472 | Orc:1    | Found Dyraminyr's Antique Armour Boutique.
 10512 | Orc:1    | Found Lorphigh's Antique Weapon Shoppe.
 10520 | Orc:1    | AMAZING
 10682 | Orc:1    | Bought a potion of resistance for 150 gold pieces
 10682 | Orc:1    | Bought a potion of haste for 150 gold pieces
 10682 | Orc:1    | Bought a potion of curing for 45 gold pieces
 10682 | Orc:1    | Bought a potion of might for 60 gold pieces
 10682 | Orc:1    | Bought 2 potions of curing for 90 gold pieces
 10682 | Orc:1    | Bought a potion of haste for 150 gold pieces
 10682 | Orc:1    | Bought a potion of curing for 45 gold pieces
 10682 | Orc:1    | Bought a potion of heal wounds for 75 gold pieces
 10682 | Orc:1    | Bought 2 potions of might for 120 gold pieces
 10682 | Orc:1    | Bought a potion of cure mutation for 375 gold pieces
 10773 | Lair:1   | Entered Level 1 of the Lair of Beasts
 10811 | Lair:1   | Gained mutation: You have somewhat slow reflexes. (EV -3) [Ru sacrifice]
 10811 | Lair:1   | Reached *** piety under Ru
 10919 | Lair:1   | Noticed realXiberia's ghost (journeyman DsWn)
 11018 | Lair:2   | Identified the Compendium of the Voyage and Companions
 11029 | Lair:2   | Got a brightly glowing dagger
 11030 | Lair:2   | Identified the +6 dagger of Affag {pierce, rN++ Str+4} (You found it on level 2 of the Lair of Beasts)
 11239 | Lair:2   | Learned a level 2 spell: Swiftness
 11496 | Lair:5   | Gained mutation: You cannot read scrolls while threatened. [Ru sacrifice]
 11496 | Lair:5   | Reached **** piety under Ru
 11720 | Lair:6   | Found a staircase to the Slime Pits.
 11834 | Lair:6   | Found a frozen archway.
 11866 | IceCv    | Entered an ice cave
 12127 | IceCv    | Gained mutation: You tend to lose your temper in combat. [potion of mutation]
 12128 | IceCv    | Gained mutation: You are partially covered in large bone plates (AC +2, SH +2). [potion of mutation]
 12128 | IceCv    | Gained mutation: You are partially covered in molten scales (AC +1). [potion of mutation]
 12128 | IceCv    | Gained mutation: You occasionally shout uncontrollably at your foes. [potion of mutation]
 12141 | IceCv    | Got a vibrating pewter ring
 12149 | IceCv    | Identified the ring "Toch" {Ice +Fly rPois MR+} (You found it in an ice cave)
 12302 | Lair:6   | Reached skill level 10 in Fighting
 12350 | Lair:6   | Gained mutation: You sometimes yell uncontrollably at your foes. [Ru sacrifice]
 12350 | Lair:6   | Reached ***** piety under Ru
 12403 | Lair:8   | Entered Level 8 of the Lair of Beasts
 12603 | Lair:8   | Noticed Josephine
 12633 | Lair:8   | Killed Josephine
 12638 | Lair:8   | Noticed Maud
 12673 | Lair:8   | Reached skill level 14 in Unarmed Combat
 12978 | Lair:8   | Got a twisted war axe
 13027 | Lair:8   | Reached XP level 15. HP: 130/139 MP: 22/24
 13028 | Lair:8   | Lost mutation: You are agile. (Dex +2) [Ru sacrifice]
 13028 | Lair:8   | Gained mutation: You are clumsy. (Dex -2) [Ru sacrifice]
 13190 | Lair:8   | Killed Maud
 13291 | Lair:7   | Identified the cursed +3 war axe "Teaqah" {chop, rElec Dex-3 SInv} (You found it on level 8 of the Lair of Beasts)
 13463 | Lair:6   | Upgraded the game from 0.18-a0-1721-gc4d1f22 to 0.18-a0-1730-g73f0523
 13604 | Lair:5   | Noticed Kirke
 13618 | Lair:5   | Killed Kirke
 14075 | Lair:3   | Reached skill level 15 in Unarmed Combat
 14433 | Lair:3   | Found a staircase to the Shoals.
 14451 | Shoals:1 | Entered Level 1 of the Shoals
 14476 | Lair:3   | HP: 7/140 [drowned by a water elemental (5)]
 14761 | Shoals:1 | Found Tytyotan's Food Emporium.
 14965 | Shoals:2 | Noticed Nikola
 15010 | Shoals:3 | Noticed Donald
 15019 | Shoals:3 | HP: 6/140 [merfolk aquamancer/shard of ice (14)]
 15021 | Shoals:3 | Killed from afar by a merfolk aquamancer

Vault maps used:
D:1:      minmay_arrival_three_doors, grunt_decor_cap, nemelex_deck
D:2:      kiku_gazebo_garden_becter
D:3:      minmay_door_path, first_bread, grunt_decor_fettered, uniq_natasha
D:5:      basic_altar
D:6:      uniq_grinder, uniq_blork_the_orc, uniq_edmund
D:7:      nicolae_overflow_crystal_walls, temple_green, serial_shops, shop,
          nicolae_ossuary_entry_giza, serial_glass, glass_columns_c,
          glass_columns_a, glass_columns_b, glass_columns_a, glass_columns_a,
          glass_columns_b
D:8:      nicolae_overflow_quartered_altars, zin_statuary, david_nohive_1,
          uniq_erica
D:9:      kennysheep_mini_moat
D:10:     serial_shops, nicolae_shop_stone, serial_bayou_lagoon_a, uniq_urug,
          uniq_nergalle
D:11:     due_lair_maze_entry_diamond, orc_0_dummy, minmay_evil_grid
D:12:     minmay_ornate_pinched, minivault_23
D:13:     hangedman_cross_cluster, basic_altar
D:14:     david_vaults_1, nrook_uturn, uniq_sonja
D:15:     gammafunk_depths_entry_grave, nrook_mini_backslash, basic_altar,
          minmay_misc_feat_nine_boxes
Temple:   temple_eino_lava_12
Lair:1:   patterned_corridor, grunt_megastairs_5
Lair:2:   minmay_lindwurm_lava, lemuel_fruit_fields
Lair:3:   elwin_shoals_entry_rooms, hangedman_lair_generics_rect,
          grunt_megastairs_3
Lair:4:   grunt_megastairs_1
Lair:5:   gammafunk_lair_enchanted_lake, dummy_snake_entry, grunt_megastairs_4,
          uniq_kirke
Lair:6:   minmay_lair_venomous_thicket, minmay_slime_entry_pillars,
          portal_ice_cave_entry_ice_beasts
Lair:7:   wad_woods_road_05
Lair:8:   minmay_lair_end_enchanted_forest, uniq_maud, uniq_josephine
Shoals:1: serial_shops, nicolae_shop_crystal
Shoals:2: uniq_nikola, uniq_aizul
Shoals:3: uniq_donald
Orc:1:    serial_shops, nicolae_shop_overgrown_old_shop, nicolae_shop_trees,
          shop, shop, nicolae_shop_trees, basic_altar
Orc:2:    st_orc_ogre_mass, mines2_lemuel
Ossuary:  minmay_ossuary_two_tombs
IceCv:    ice_cave_small_dragons

Skill      XL: |  1  2  3  4  5  6  7  8  9 10 11 12 13 14 15 |
---------------+----------------------------------------------+-----
Unarmed Combat | 2 3 4 5 7 8 9 10 11 13 14 15 | 15.3
Poison Magic   | 1 3 |  3.1
Transmutations | 4 5 7 8 9 10 | 10.4
Dodging        | 1 2 3 4 5 6 7 8 9 |  9.4
Spellcasting   | 3 4 5 6 |  6.3
Fighting       | 4 5 6 7 9 10 11 | 11.1
Stealth        | 5 7 9 11 13 14 | 14.7
Evocations     | 2 3 5 |  5.4
Translocations | 1 4 |  4.4
Throwing       | |  1.0

Action                   |  1- 3 |  4- 6 |  7- 9 | 10-12 | 13-15 || total
-------------------------+-------+-------+-------+-------+-------++-------
Melee: Club              |    13 |       |       |       |       ||    13
       Unarmed           |    53 |    93 |   335 |   474 |  1005 ||  1960
 Cast: Sticks to Snakes  |     1 |     6 |    15 |    18 |    24 ||    64
       Spider Form       |       |     8 |    41 |     9 |       ||    58
       Blade Hands       |       |       |       |    45 |    90 ||   135
       Ice Form          |       |       |       |       |     6 ||     6
       Apportation       |       |       |       |       |     3 ||     3
Invok: Sacrifice Arcana  |       |       |       |     1 |       ||     1
       Sacrifice Drink   |       |       |       |     1 |       ||     1
       Reject Sacrifices |       |       |       |     1 |     1 ||     2
       Draw Out Power    |       |       |       |       |     2 ||     2
       Sacrifice Purity  |       |       |       |       |     2 ||     2
       Sacrifice Words   |       |       |       |       |     1 ||     1
       Sacrifice Health  |       |       |       |       |     1 ||     1
       Apocalypse        |       |       |       |       |     2 ||     2
 Abil: Spit Poison       |    35 |    14 |    16 |    13 |     9 ||    87
       End Transformatio |       |       |     1 |     7 |     3 ||    11
       Evoke Flight      |       |       |       |       |     2 ||     2
Evoke: Deck              |       |     1 |       |       |     2 ||     3
       Sack of spiders   |       |       |       |     2 |     8 ||    10
       Lamp of fire      |       |       |       |     1 |     2 ||     3
       Wand              |       |       |       |       |     1 ||     1
       Fan of gales      |       |       |       |       |     1 ||     1
  Use: Potion            |     2 |       |     5 |       |     4 ||    11
       Scroll            |     2 |     5 |     8 |     3 |    27 ||    45
 Stab: Sleeping          |       |     2 |     3 |     5 |    17 ||    27
       Distracted        |       |     1 |       |     2 |    10 ||    13
       Invisible         |       |       |       |     1 |    17 ||    18
       Paralysed         |       |       |       |       |     7 ||     7
  Eat: Chunk             |     2 |     5 |    19 |    24 |    42 ||    92
       Pizza             |       |       |     1 |     1 |       ||     2
       Beef jerky        |       |       |       |     2 |     4 ||     6
       Fruit             |       |       |       |     2 |     4 ||     6
       Bread ration      |       |       |       |       |     1 ||     1
       Royal jelly       |       |       |       |       |     1 ||     1
